 Dungeon Crawl Stone Soup version 0.17-a0-1701-gf693a3f (webtiles) character file.

72 urechis the Ruffian (level 4, -3/27 (38) HPs)
             Began as a Ghoul Monk on Aug 21, 2015.
             Slain by Grinder (4 damage)
             ... while paralysed by Grinder
             ... on level 3 of the Dungeon.
             The game lasted 00:01:54 (1792 turns).

urechis the Ruffian (Ghoul Monk)                    Turns: 1792, Time: 00:01:54

HP:   -3/27 (38)    AC:  2    Str: 14    XL:     4   Next: 25%
MP:   3/3           EV:  2    Int:  5    God:
Gold: 109           SH:  0    Dex: 12    Spells: 0 memorised, 3 levels left

rFire  . . .     SeeInvis .       - Unarmed
rCold  + . .     Clarity  .     a - +0 robe
rNeg   + + +     SustAt   .     (no shield)
rPois  ∞         Gourm    .     (no helmet)
rElec  .         Spirit   .     (no cloak)
rCorr  .         Warding  .     (no gloves)
rMut   .         Stasis   .     (no boots)
MR     .....                    (no amulet)
Stlth  ++........               (no ring)
                                (no ring)

@: paralysed, rotting, not resistant to hostile enchantments, unstealthy
A: rotting body, claws 1, carnivore 3, cold resistance 1, negative energy
resistance 3, slow healing 1, torment resistance, unbreathing
a: no special abilities


You were on level 3 of the Dungeon.
You were not hungry.

You visited 1 branch of the dungeon, and saw 3 of its levels.

You collected 109 gold pieces.

Inventory:

Armour
 a - a +0 robe (worn)
Rods
 n - a +1 rod of shadows (10/10)
   (You found it on level 2 of the Dungeon)
Scrolls
 d - a scroll of fear {unknown}
 f - 2 scrolls of amnesia {unknown}
 g - a scroll of immolation {unknown}
 h - a scroll of enchant armour {unknown}
 i - 2 scrolls of identify {unknown}
 j - 2 scrolls of fog {unknown}
 k - 2 scrolls of teleportation {unknown}
Potions
 e - a potion of agility {unknown}
 l - 2 potions of resistance {unknown}
 m - a potion of cancellation {unknown}
 o - a potion of heal wounds {unknown}
 p - a potion of flight {unknown}
 q - a potion of mutation {unknown}
Comestibles
 b - a meat ration
 c - 3 slices of pizza
 r - 2 chunks of flesh


   Skills:
 - Level 3.2 Fighting
 - Level 2.6 Dodging
 - Level 2.1 Stealth
 + Level 6.2 Unarmed Combat


You had 3 spell levels left.
You didn't know any spells.

Dungeon Overview and Level Annotations

Branches:
Dungeon (3/15)

Altars:
Ashenzari
Dithmenos
Qazlal
Ru

Annotations:
D:3 Grinder


Innate Abilities, Weirdness & Mutations

Your body is rotting away.
You thrive on raw meat.
You are immune to poison.
You have sharp fingernails.
You are carnivorous and can eat meat at any time.
Your flesh is cold resistant.
You are immune to negative energy.
You heal slowly when monsters are visible.
You are immune to unholy pain and torment.
You can survive without breathing.


Message History

Grinder is moderately wounded.
Grinder hits you!
* * * LOW HITPOINT WARNING * * *
You scratch Grinder.
Grinder is moderately wounded.
Grinder barely misses you.
You scratch Grinder.
Grinder is heavily wounded.
Grinder hits you but does no damage.
You barely miss Grinder.
Grinder is heavily wounded.
Grinder barely misses you.
You closely miss Grinder.
Grinder is heavily wounded.
Grinder gestures at you.
You suddenly lose the ability to move!
Grinder gestures at you.
You shrug off the repeated paralysis!
Grinder hits you.
You die...

###########..#
..< ##.# ..#
#.# #.# #.# #.#
#.# ###.### #.#
#.....# #.#
..###.5...###.#
#......@......#
#####.....###.#
#.....# #.#
###.### #.# #.#
#.# #.# #.# #..
..# ### ##


You could see Grinder.

Vanquished Creatures
  An adder (D:1)
  An ooze (D:1)
  3 giant geckos (D:1)
  8 bats
  2 giant cockroaches
  4 hobgoblins (D:1)
  3 jackals (D:2)
  2 quokkas (D:2)
  A ball python (D:2)
  3 giant newts (D:1)
  9 goblins
  8 kobolds
  6 rats
51 creatures vanquished.

Notes
Turn   | Place    | Note
--------------------------------------------------------------
     0 | D:1      | urechis the Ghoul Monk began the quest for the Orb.
     0 | D:1      | Reached XP level 1. HP: 19/19 MP: 0/0
    64 | D:1      | Reached XP level 2. HP: 19/26 MP: 1/1
    76 | D:1      | Reached skill level 5 in Unarmed Combat
   534 | D:1      | Reached XP level 3. HP: 29/29 MP: 2/2
   686 | D:1      | Found a sacrificial altar of Ru.
  1196 | D:2      | Reached skill level 6 in Unarmed Combat
  1196 | D:2      | Reached XP level 4. HP: 32/34 MP: 3/3
  1508 | D:2      | Found a shadowy altar of Dithmenos.
  1750 | D:3      | Found a shattered altar of Ashenzari.
  1769 | D:3      | Found a stormy altar of Qazlal.
  1771 | D:3      | Noticed Grinder
  1786 | D:3      | HP: 1/27 [Grinder (9)]
  1790 | D:3      | Paralysed by Grinder for 5 turns
  1792 | D:3      | Slain by Grinder

Vault maps used:
D:1:      wheals_arrival_shading, interstate_on_off, kennysheep_flooded_box,
          st_stairs_10
D:2:      lemuel_crystal_altar
D:3:      ashenzari_altar_1, overflow_temple_1_default,
          nicolae_overflow_crystal_walls, first_bread, lemuel_another_geyser,
          uniq_robin, uniq_grinder

Action                   |  1- 3 |  4- 6 || total
-------------------------+-------+-------++-------
Melee: Unarmed           |    83 |    44 ||   127
 Stab: Sleeping          |     4 |     2 ||     6
  Eat: Chunk             |       |     4 ||     4
